Ujug, chaotic male orcish Wizard -------- |......| |.......# #.......|# ###|......|# ------------ # --+-----####...........| ### # # |..........| # # ####...........| ### # # |..........| --------------# # # ------------ |!!!!!!..!.!.|# # # |!!!.!f!!.!..|# # # |!!.!@m!!!.!%|# # # |!!!!!!.!)!.@-# ## # |!!!!!!!!!.!.| ---.----# -------------- |......|# |.<....-# |......| -------- Ujug the Evoker Experience level: 1 Strength: 13 Dexterity: 10 Constitution: 11 Intelligence: 17 Wisdom: 15 Charisma: 9 Health: 0(11) Energy: 7(7) Def: 1 Gold: 2 Moves: 1207 Dungeon seed: BzCUhpVDyqJxfdAS Game ID: Ujug_1512318393 Your Inventory: Coins $ - 2 gold pieces Weapons a - a blessed +1 quarterstaff (weapon in hands) Armor e - an uncursed +0 cloak of magic resistance (being worn) Comestibles f - 4 uncursed tripe rations g - an uncursed cram ration k - 2 uncursed sprigs of wolfsbane m - an uncursed food ration o - an uncursed candy cane Scrolls i - an uncursed scroll of remove curse j - an uncursed scroll of teleportation Spellbooks b - a blessed spellbook of force bolt c - an uncursed spellbook of cure sickness l - an uncursed spellbook of haste self Potions h - an uncursed potion of water r - a cursed potion of booze s - an uncursed potion of water t - an uncursed potion of see invisible Wands d - an uncursed wand of nothing (0:8) Gems n - 10 uncursed rocks (in quiver) Spells and supernatural/magical abilities: Name Level Category Fail Memory a - force bolt 1 attack 0% 94% H - haste self 3 escape 78% 98% K - cure sickness 3 healing 78% 94% W - pray for help -- divine ? -- Your skills at the end: Miscellaneous Skills wands [Basic] Weapon Skills scimitar [Basic] quarterstaff [Basic] Spellcasting Skills attack spells [Basic] enchantment spells [Basic] Final Attributes: You were piously aligned. You were poison resistant. You were magic-protected. You had infravision. You were stealthy. You were lucky. You are dead. Vanquished creatures: a hobbit an acid blob 3 jackals a kobold 3 newts a sewer rat 5 grid bugs a lichen 2 kobold zombies 18 creatures vanquished. Voluntary challenges: You did not adorn yourself with jewelry or accessories. You did not cause conflict. You were not invisible. You did not have reflection. You were not displaced. You were an atheist. You used a wielded weapon 17 times, starting on turn 72. You did not use tools. You did not use sinks. You did not drink any magical draughts. You read items or engraved 9 times, starting on turn 594. You never genocided any monsters. You never polymorphed an object. You never changed form. You used no wishes. You never split a pudding. You never wrote Elbereth's name. You never violated your personal moral code. Dungeon overview: The Dungeons of Doom: levels 1 to 3 Level 1 an altar to Anhur, a fountain a long staircase Level 2 portal to Advent Calendar Level 3 <- You were here a potion shop Advent Calendar: Level 2 many trees portal to The Dungeons of Doom History has recorded: On T:1 you entered the Dungeons of Doom to retrieve the Amulet of Yendor! On T:549 you reached level 2 of The Dungeons of Doom. On T:803 you reached level 1 of Advent Calendar. On T:984 you reached level 3 of The Dungeons of Doom. Score breakdown: Gold: 2 ( 0 points) Experience: 1 level ( 0 points) Exploration: 3 levels ( 60 points) Discoveries: 6 items ( 300 points) Variety of kills: 9 monsters ( 450 points) Major goal: (nothing yet) ( 0 points) Survival: died (score multiplied by 3) Total score: 2430 Latest messages: Tigger picks up a yellow potion. You see here a magenta potion (67 zorkmids). You see here a clear potion (7 zorkmids). "For you, most gracious sir; only 7 for this clear potion." s - a clear potion (unpaid, 7 zorkmids). Tigger drops a yellow potion. You see here a magenta potion (67 zorkmids). "For you, most gracious sir; only 67 for this magenta potion." t - a magenta potion (unpaid, 67 zorkmids). Tigger picks up a white potion. You bought a clear potion for 7 gold pieces. You bought a magenta potion for 67 gold pieces. "Thank you for shopping in Walbrzych's liquor emporium!" You hit the small mimic. (4x) The small mimic bumps right into you! You hit the small mimic. Tigger drops a white potion. You hit the small mimic. (2x) You hit the small mimic! The small mimic claws you! You die... Walbrzych gratefully inherits all your possessions. Final status: Goodbye Ujug the Wizard, killed by a small mimic... You died in The Dungeons of Doom on dungeon level 3 with 2430 points, and 2 pieces of gold, after 1207 moves. You were level 1 with a maximum of 11 hit points when you died.